 Dungeon Crawl Stone Soup version 0.25-a0-458-g6fc7858b95 (webtiles) character file.

Game seed: 8305597984497148145, levelgen mode: deterministic

49 ChaosChampion the Sneak (level 3, -3/16 HPs)
             Began as a Spriggan Enchanter on Feb 1, 2020.
             Slain by a hobgoblin
             ... wielding a +0 club
              (8 damage)
             ... on level 2 of the Dungeon.
             The game lasted 00:04:07 (1548 turns).

ChaosChampion the Sneak (Spriggan Enchanter)        Turns: 1548, Time: 00:04:07

Health: -3/16      AC:  2    Str:  4    XL:     3   Next: 51%
Magic:  3/8        EV: 18    Int: 16    God:
Gold:   100        SH:  0    Dex: 17    Spells: 1/7 levels left

rFire    . . .     SeeInvis +   a - +1 dagger
rCold    . . .     Gourm    .   (shield restricted)
rNeg     . . .     Faith    .   b - +0 robe
rPois    .         Spirit   .   (helmet restricted)
rElec    .         Reflect  .   (no cloak)
rCorr    .         Harm     .   (gloves unavailable)
MR       .....                  (boots unavailable)
Stlth    +++.......             (no amulet)
HPRegen  0.05/turn              (no ring)
MPRegen  0.11/turn              (no ring)

@: very quick
A: very small, unfitting armour, see invisible, herbivore, speed 3, slow
metabolism 2
a: no special abilities


You were on level 2 of the Dungeon.
You were not hungry.

You visited 1 branch of the dungeon, and saw 2 of its levels.

You collected 100 gold pieces.

Inventory:

Hand Weapons
 a - a +1 dagger (weapon)
 i - a +1 mace of protection
Armour
 b - a +0 robe (worn)
Jewellery
 p - an uncursed amulet of faith {unknown}
Scrolls
 c - a scroll of teleportation {unknown}
 g - a scroll of remove curse {unknown}
 h - a scroll of blinking {unknown}
 l - a scroll of enchant armour {unknown}
 m - a scroll of fog {unknown}
 n - 2 scrolls of identify {unknown}
 q - a scroll of enchant weapon {unknown}
Potions
 e - a potion of might {unknown}
 f - a potion of agility {unknown}
 j - a potion of berserk rage {unknown}
 k - a potion of brilliance {unknown}
 o - 2 potions of curing {unknown}
Comestibles
 d - 4 rations


   Skills:
 * Level 1.7 Short Blades
 + Level 3.3 Dodging
 * Level 6.0 Stealth
 + Level 2.8 Spellcasting
 + Level 3.9 Hexes


You had one spell level left.
You knew the following spells:

 Your Spells              Type           Power        Failure   Level  Hunger
a - Corona                Hex            ##.....      3%          1    #......
b - Ensorcelled Hibernat  Hex/Ice        #.....       13%         2    ##.....
c - Dazzling Flash        Conj/Hex       #.....       26%         3    ###....

Your spell library contained the following spells:

 Spells                   Type           Power        Failure   Level  Hunger
 Confusing Touch          Hex            ##......     11%         3    ###....
 Tukima's Dance           Hex            ##......     11%         3    ###....


Dungeon Overview and Level Annotations

Branches:
Dungeon (2/15)

Altars:

Annotations:
D:2 Robin


Innate Abilities, Weirdness & Mutations

You are very small and have problems with some larger weapons.
You are too small for most types of armour.
You have supernaturally acute eyesight. (SInv)
You are a herbivore.
You cover ground extremely quickly.
You need to consume almost no food.


Message History

The hobgoblin barely misses you.
You hit the hobgoblin but do no damage.
The hobgoblin is severely wounded.
The hobgoblin misses you.
You barely miss the hobgoblin.
The hobgoblin is severely wounded.
The hobgoblin hits you with a +0 club.
You hit the hobgoblin but do no damage.
The hobgoblin is severely wounded.
You barely miss the hobgoblin.
The hobgoblin is severely wounded.
The hobgoblin misses you.
You closely miss the hobgoblin.
The hobgoblin is severely wounded.
The hobgoblin closely misses you.
You hit the hobgoblin but do no damage.
The hobgoblin is severely wounded.
The hobgoblin hits you with a +0 club!
Ouch! That really hurt!
You die...

##################
#................. #
#.################
###. #.# ...###'#####
#.........#
#.........# ####
#.....g...# #...
#....@....# #...
#.........#########...
+.........'....g.g....
#.........############
#####'#######
#...........# #
#.......###.##########
+..........g.g.g..g...
#.......###.##########


You could see a hobgoblin.

Vanquished Creatures
  2 gnolls (D:1)
  4 leopard geckos
  2 giant cockroaches (D:2)
  2 hobgoblins (D:1)
  A kobold (D:1)
  A quokka (D:2)
  A ball python (D:1)
  3 bats (D:1)
  3 frilled lizards
  5 goblins
24 creatures vanquished.

Notes
Turn   | Place    | Note
-------+----------+-------------------------------------------
     0 | D:1      | ChaosChampion the Spriggan Enchanter began the quest for
                  | the Orb.
     0 | D:1      | Reached XP level 1. HP: 9/9 MP: 5/5
   378 | D:1      | Reached skill level 5 in Stealth
   660 | D:1      | Reached XP level 2. HP: 4/13 MP: 6/6
   664 | D:1      | Learned a level 2 spell: Ensorcelled Hibernation
   980 | D:1      | Reached XP level 3. HP: 15/16 MP: 5/8
   985 | D:1      | Learned a level 3 spell: Dazzling Flash
  1431 | D:2      | Reached skill level 6 in Stealth
  1450 | D:2      | Noticed Robin
  1548 | D:2      | Slain by a hobgoblin

Levels and vault maps discovered:
D:1:      wander_arrival_chamber, layout_basic
D:2:      layout_basic, uniq_robin

Skill      XL: |  1  2  3 |
---------------+----------+-----
Stealth        | 5 6 |  6.0
Short Blades   | |  1.7
Dodging        | |  3.3
Spellcasting   | |  2.8
Hexes          | |  3.9

Action                   || total
-------------------------++-------
Melee: Dagger            ||   105
 Cast: Corona            ||     3
       Ensorcelled Hiber ||    11
 Stab: Sleeping          ||    14
Armor: Robe              ||     6
Dodge: Dodged            ||    72

Table legend:
 A = Non-vault XP
 B = Vault XP
 C = Vault XP percentage of total XP
 D = Non-vault monster count
 E = Vault monster count
 F = Vault count percentage of total count
                 A         B        C        D         E       F
            +---------+---------+-------+---------+---------+-------
      Total |      66 |       4 |   5.7 |      22 |       2 |   8.3
            +---------+---------+-------+---------+---------+-------
        D:1 |      54 |       0 |   0.0 |      16 |       0 |   0.0
        D:2 |      12 |       4 |  25.0 |       6 |       2 |  25.0
            +---------+---------+-------+---------+---------+-------
